| TOP OF THE 1ST |
|
Fort Wayne TinCaps batting - Pitching for Great Lakes Loons : RHP Georgs Felitti
|
|
Pitching: RHP Georgs Felitti
|
|
|
Batting: RHB Slamet Pamungkas
|
0-0: Called Strike 0-1: SINGLE (Groundball, 4MD, EV 102.5 MPH)
|
|
Batting: LHB Dean Luttman
|
0-0: Ball 1-0: Grounds into double play, 6-4-3 (Groundball, 6D, EV 99.4 MPH)
|
|
Batting: RHB Jim Miske
|
0-0: Foul Ball, location: 2F 0-1: Ball 1-1: Ball 2-1: Ball 3-1: Base on Balls
|
|
Batting: RHB Devon Dill
|
0-0: Ball Jim Miske steals 2nd base 1-0: Ball 2-0: Called Strike 2-1: Ball 3-1: Called Strike 3-2: Foul Ball, location: 2F 3-2: SINGLE (Groundball, 6MD, EV 93.8 MPH) Jim Miske to third Runner from 3rd tries for Home, throw by CF and OUT! 8-2
|
| Top of the 1st over - 0 runs, 2 hits, 0 errors, 1 left on base; Fort Wayne 0 - Great Lakes 0 |
| BOTTOM OF THE 1ST |
|
Great Lakes Loons batting - Pitching for Fort Wayne TinCaps : RHP Mike Schoening
|
|
Pitching: RHP Mike Schoening
|
|
|
Batting: RHB Pablo Lopez
|
0-0: Called Strike 0-1: Ball 1-1: Swinging Strike 1-2: Ground out 6-3 (Groundball, 6, EV 88.1 MPH)
|
|
Batting: SHB Josh Vaill
|
0-0: Ball 1-0: Called Strike 1-1: Foul Ball, location: 2F 1-2: Strikes out swinging
|
|
Batting: LHB Jim Jardine
|
0-0: Called Strike 0-1: Ball 1-1: Ball 2-1: Called Strike 2-2: Fly out, F5 (Popup, 5SF, EV 81.2 MPH)
|
| Bottom of the 1st over - 0 runs, 0 hits, 0 errors, 0 left on base; Fort Wayne 0 - Great Lakes 0 |
| TOP OF THE 2ND |
|
Fort Wayne TinCaps batting - Pitching for Great Lakes Loons : RHP Georgs Felitti
|
|
Batting: RHB Ben Welt
|
0-0: Fly out, F4 (Popup, 34D, EV 53.1 MPH)
|
|
Batting: RHB John Freeman
|
0-0: Ball 1-0: Foul Ball, location: 2F 1-1: Foul Ball, location: 2F 1-2: Fly out, F9 (Line Drive, 9D, EV 93.8 MPH)
|
|
Batting: RHB Gary Horgan
|
0-0: Ball 1-0: SOLO HOME RUN (Flyball, 78XD, EV 98.1 MPH), Distance : 393 ft
|
|
Batting: RHB Bill Vives
|
0-0: Swinging Strike 0-1: Ball 1-1: Foul Ball, location: 2F 1-2: Foul Ball, location: 2F 1-2: Strikes out swinging
|
| Top of the 2nd over - 1 run, 1 hit, 0 errors, 0 left on base; Fort Wayne 1 - Great Lakes 0 |
| BOTTOM OF THE 2ND |
|
Great Lakes Loons batting - Pitching for Fort Wayne TinCaps : RHP Mike Schoening
|
|
Batting: RHB Eddie Perry
|
0-0: Called Strike 0-1: Foul Ball, location: 2F 0-2: Ball 1-2: Ball 2-2: Ball 3-2: Foul Ball, location: 2F 3-2: Strikes out looking
|
|
Batting: LHB Josh Moore
|
0-0: Foul Ball, location: 2F 0-1: Foul Ball, location: 2F 0-2: Ball 1-2: Strikes out swinging
|
|
Batting: SHB Danny Jensen
|
0-0: Ball 1-0: SINGLE (Flyball, 9LS, EV 93.1 MPH)
|
|
Batting: RHB Juan Gallardo
|
0-0: Ball 1-0: Hit by Pitch Danny Jensen to second
|
|
Batting: RHB Aaron Joseph
|
0-0: Ball 1-0: Ball 2-0: SINGLE (Flyball, 9S, EV 91.9 MPH) Danny Jensen to third Juan Gallardo to second Runner from 3rd tries for Home, SAFE, throw by RF to home
|
|
Batting: SHB Hank Arias
|
0-0: Ball 1-0: Ball 2-0: Called Strike 2-1: Foul Ball, location: 2F 2-2: SINGLE (Line Drive, 7S, EV 92.5 MPH) Juan Gallardo to third Aaron Joseph to second Runner from 3rd tries for Home, SAFE, throw by LF to home
|
|
Batting: RHB Pablo Lopez
|
0-0: Ball 1-0: SINGLE (Flyball, 8RS, EV 95.0 MPH) Aaron Joseph to third Hank Arias to second Runner from 3rd tries for Home, SAFE, throw by CF to home
|
|
Batting: SHB Josh Vaill
|
0-0: Called Strike 0-1: Swinging Strike 0-2: Ball 1-2: Ball 2-2: Strikes out swinging
|
| Bottom of the 2nd over - 3 runs, 4 hits, 0 errors, 2 left on base; Fort Wayne 1 - Great Lakes 3 |
| TOP OF THE 3RD |
|
Fort Wayne TinCaps batting - Pitching for Great Lakes Loons : RHP Georgs Felitti
|
|
Batting: RHB Paul Wood
|
0-0: Called Strike 0-1: Swinging Strike 0-2: Strikes out swinging
|
|
Batting: RHB Slamet Pamungkas
|
0-0: Called Strike 0-1: Swinging Strike 0-2: Ball 1-2: SINGLE (Line Drive, 34, EV 98.1 MPH)
|
|
Batting: LHB Dean Luttman
|
0-0: Ball 1-0: Fly out, F8 (Flyball, 89M, EV 93.8 MPH)
|
|
Batting: RHB Jim Miske
|
0-0: Ball Slamet Pamungkas is caught stealing 2nd base 2-4
|
| Top of the 3rd over - 0 runs, 1 hit, 0 errors, 0 left on base; Fort Wayne 1 - Great Lakes 3 |
| BOTTOM OF THE 3RD |
|
Great Lakes Loons batting - Pitching for Fort Wayne TinCaps : RHP Mike Schoening
|
|
Batting: LHB Jim Jardine
|
0-0: Swinging Strike 0-1: Fly out, F7 (Flyball, 78M, EV 87.5 MPH)
|
|
Batting: RHB Eddie Perry
|
0-0: Foul Ball, location: 2F 0-1: Ball 1-1: DOUBLE (Flyball, 8RXD, EV 101.2 MPH)
|
|
Batting: LHB Josh Moore
|
0-0: Ball 1-0: Swinging Strike 1-1: Ball 2-1: SINGLE (Groundball, 56, EV 103.8 MPH) Eddie Perry to third Runner from 3rd tries for Home, throw by LF and OUT! 7-2 Josh Moore to second
|
|
Batting: SHB Danny Jensen
|
0-0: Ground out 4-3 (Groundball, 4, EV 101.9 MPH)
|
| Bottom of the 3rd over - 0 runs, 2 hits, 0 errors, 1 left on base; Fort Wayne 1 - Great Lakes 3 |
| TOP OF THE 4TH |
|
Fort Wayne TinCaps batting - Pitching for Great Lakes Loons : RHP Georgs Felitti
|
|
Batting: RHB Jim Miske
|
0-0: Ball 1-0: Ball 2-0: Ball 3-0: Called Strike 3-1: Foul Ball, location: 2F 3-2: Ground out 5-3 (Groundball, 25, EV 82.5 MPH)
|
|
Batting: RHB Devon Dill
|
0-0: Called Strike 0-1: Foul Ball, location: 2F 0-2: Ball 1-2: Strikes out swinging
|
|
Batting: RHB Ben Welt
|
0-0: Ball 1-0: Ball 2-0: Ball 3-0: Base on Balls
|
|
Batting: RHB John Freeman
|
0-0: Ball 1-0: Ball 2-0: Fielders Choice at 2nd, 6-4 (Groundball, 6, EV 81.2 MPH)
|
| Top of the 4th over - 0 runs, 0 hits, 0 errors, 1 left on base; Fort Wayne 1 - Great Lakes 3 |
| BOTTOM OF THE 4TH |
|
Great Lakes Loons batting - Pitching for Fort Wayne TinCaps : RHP Mike Schoening
|
|
Batting: RHB Juan Gallardo
|
0-0: Ball 1-0: SINGLE (Line Drive, 8RS, EV 91.2 MPH)
|
|
Batting: RHB Aaron Joseph
|
0-0: Ball 1-0: Called Strike 1-1: Ball 2-1: Foul Ball, location: 2F 2-2: Ball 3-2: Foul Ball, location: 2F 3-2: Foul Ball, location: 2F 3-2: Base on Balls Juan Gallardo to second
|
|
Batting: SHB Hank Arias
|
0-0: Ball 1-0: Foul Ball, location: 2F 1-1: Ball 2-1: SINGLE (Groundball, 6D, EV 95.6 MPH) Juan Gallardo to third Aaron Joseph to second
|
|
Batting: RHB Pablo Lopez
|
0-0: Ball 1-0: Ball 2-0: Fielders Choice at 2nd, 5-4 (Groundball, 56S, EV 81.2 MPH) Juan Gallardo scores Aaron Joseph to third
|
|
Batting: SHB Josh Vaill
|
0-0: Ball 1-0: Ball 2-0: Fly out, F7 (Flyball, 78S, EV 86.2 MPH) Runner from 3rd tags up, SCORES, throw by LF
|
|
Batting: LHB Jim Jardine
|
0-0: Called Strike Pablo Lopez steals 2nd base (no throw) 0-1: Ball 1-1: Called Strike 1-2: 2-RUN HOME RUN (Flyball, 9LD, EV 94.4 MPH), Distance : 350 ft
|
|
Pitching: LHP Jose Torres
|
|
|
Batting: RHB Eddie Perry
|
0-0: Foul Ball, location: 2F 0-1: Ball 1-1: Ball 2-1: Fly out, F9 (Flyball, 89D, EV 80.0 MPH)
|
| Bottom of the 4th over - 4 runs, 3 hits, 0 errors, 0 left on base; Fort Wayne 1 - Great Lakes 7 |
| TOP OF THE 5TH |
|
Fort Wayne TinCaps batting - Pitching for Great Lakes Loons : RHP Georgs Felitti
|
|
Batting: RHB Gary Horgan
|
0-0: Ball 1-0: Fly out, F9 (Line Drive, 9S, EV 87.5 MPH)
|
|
Batting: RHB Bill Vives
|
0-0: Ground out 5-3 (Groundball, 5, EV 105.6 MPH)
|
|
Batting: RHB Paul Wood
|
0-0: Called Strike 0-1: Called Strike 0-2: Ball 1-2: Strikes out looking
|
| Top of the 5th over - 0 runs, 0 hits, 0 errors, 0 left on base; Fort Wayne 1 - Great Lakes 7 |
| BOTTOM OF THE 5TH |
|
Great Lakes Loons batting - Pitching for Fort Wayne TinCaps : LHP Jose Torres
|
|
Batting: LHB Josh Moore
|
0-0: Called Strike 0-1: Foul Ball, location: 2F 0-2: Ball 1-2: Ball 2-2: Ground out U3 (Groundball, 3, EV 91.2 MPH)
|
|
Batting: SHB Danny Jensen
|
0-0: Swinging Strike 0-1: Called Strike 0-2: Ball 1-2: Strikes out swinging
|
|
Batting: RHB Juan Gallardo
|
0-0: Foul Ball, location: 2F 0-1: SINGLE (Line Drive, 34, EV 100.0 MPH)
|
|
Batting: RHB Aaron Joseph
|
0-0: Called Strike 0-1: Called Strike 0-2: Strikes out swinging
|
| Bottom of the 5th over - 0 runs, 1 hit, 0 errors, 1 left on base; Fort Wayne 1 - Great Lakes 7 |
| TOP OF THE 6TH |
|
Fort Wayne TinCaps batting - Pitching for Great Lakes Loons : RHP Georgs Felitti
|
|
Batting: RHB Slamet Pamungkas
|
0-0: Fly out, F6 (Popup, P, EV 80.0 MPH)
|
|
Batting: LHB Dean Luttman
|
0-0: Ball 1-0: SINGLE (Line Drive, 6MD, EV 98.8 MPH)
|
|
Batting: RHB Jim Miske
|
0-0: Called Strike 0-1: Foul Ball, location: 2F 0-2: Ball 1-2: Grounds into double play, 6-4-3 (Groundball, 6, EV 106.2 MPH)
|
| Top of the 6th over - 0 runs, 1 hit, 0 errors, 0 left on base; Fort Wayne 1 - Great Lakes 7 |
| BOTTOM OF THE 6TH |
|
Great Lakes Loons batting - Pitching for Fort Wayne TinCaps : LHP Jose Torres
|
|
Batting: SHB Hank Arias
|
0-0: Ball 1-0: Ball 2-0: Ground out 3-1 (Groundball, 34, EV 88.8 MPH)
|
|
Batting: RHB Pablo Lopez
|
0-0: Ball 1-0: Ball 2-0: Ball 3-0: Called Strike 3-1: Foul Ball, location: 2F 3-2: Ground out 1-3 (Groundball, 13S, EV 63.8 MPH)
|
|
Batting: SHB Josh Vaill
|
0-0: Fly out, F9 (Flyball, 9S, EV 86.2 MPH)
|
| Bottom of the 6th over - 0 runs, 0 hits, 0 errors, 0 left on base; Fort Wayne 1 - Great Lakes 7 |
| TOP OF THE 7TH |
|
Fort Wayne TinCaps batting - Pitching for Great Lakes Loons : RHP Georgs Felitti
|
|
Batting: RHB Devon Dill
|
0-0: Ball 1-0: Foul Ball, location: 2F 1-1: Ball 2-1: Ball 3-1: Base on Balls
|
|
Batting: RHB Ben Welt
|
0-0: Foul Ball, location: 2F 0-1: Called Strike 0-2: Ball 1-2: Foul Ball, location: 2F 1-2: Foul Ball, location: 2F Pickoff Throw to First - Out! 1-3 CS 1-2: Foul Ball, location: 2F 1-2: Foul Ball, location: 2F 1-2: Foul Ball, location: 2F 1-2: Fly out, F7 (Line Drive, 7LM, EV 87.5 MPH)
|
|
Batting: RHB John Freeman
|
0-0: SINGLE (Groundball, 6M, EV 94.4 MPH)
|
|
Batting: RHB Gary Horgan
|
0-0: Ball John Freeman steals 2nd base 1-0: Foul Ball, location: 2F 1-1: Foul Ball, location: 2F 1-2: Ball 2-2: Ball 3-2: Base on Balls
|
|
Batting: RHB Bill Vives
|
0-0: Ball 1-0: Called Strike 1-1: Ball 2-1: Foul Ball, location: 2F 2-2: Fielders Choice at 2nd, 6-4 (Groundball, 6, EV 91.2 MPH)
|
| Top of the 7th over - 0 runs, 1 hit, 0 errors, 2 left on base; Fort Wayne 1 - Great Lakes 7 |
| BOTTOM OF THE 7TH |
|
Great Lakes Loons batting - Pitching for Fort Wayne TinCaps : LHP Jose Torres
|
|
Batting: LHB Jim Jardine
|
0-0: Foul Ball, location: 2F 0-1: Ball 1-1: Swinging Strike 1-2: Strikes out swinging
|
|
Batting: RHB Eddie Perry
|
0-0: Swinging Strike 0-1: Ball 1-1: Fly out, F8 (Flyball, 78XD, EV 105.6 MPH)
|
|
Batting: LHB Josh Moore
|
0-0: Ball 1-0: Called Strike 1-1: Foul Ball, location: 2F 1-2: Fly out, F8 (Flyball, 8RD, EV 103.8 MPH)
|
| Bottom of the 7th over - 0 runs, 0 hits, 0 errors, 0 left on base; Fort Wayne 1 - Great Lakes 7 |
| TOP OF THE 8TH |
|
Fort Wayne TinCaps batting - Pitching for Great Lakes Loons : RHP Georgs Felitti
|
|
Batting: RHB Paul Wood
|
0-0: Ball 1-0: Ball 2-0: Called Strike 2-1: Ball 3-1: Base on Balls
|
|
Pinch Hitting: LHB Tony Contreras
|
0-0: Foul Ball, location: 2F 0-1: Called Strike 0-2: Ball 1-2: Strikes out swinging
|
|
Pitching: LHP Avon Barksdale
|
|
|
Pinch Hitting: RHB Dave Cordero
|
0-0: Ball 1-0: Called Strike 1-1: Ball 2-1: Grounds into double play, 5-4-3 (Groundball, 56S, EV 81.9 MPH)
|
| Top of the 8th over - 0 runs, 0 hits, 0 errors, 0 left on base; Fort Wayne 1 - Great Lakes 7 |
| BOTTOM OF THE 8TH |
|
Great Lakes Loons batting - Pitching for Fort Wayne TinCaps : LHP Jose Torres
|
|
Now at 1B: Tony Contreras
|
|
|
Now at SS: Dave Cordero
|
|
|
Batting: SHB Danny Jensen
|
0-0: Called Strike 0-1: Foul Ball, location: 2F 0-2: Strikes out swinging
|
|
Batting: RHB Juan Gallardo
|
0-0: Foul Ball, location: 2F 0-1: Reached on error, E6 (Groundball, 6, EV 87.5 MPH)
|
|
Batting: RHB Aaron Joseph
|
0-0: Fly out, F8 (Flyball, 8LD, EV 96.2 MPH)
|
|
Batting: SHB Hank Arias
|
0-0: Fly out, F8 (Line Drive, 8LM, EV 111.9 MPH)
|
| Bottom of the 8th over - 0 runs, 0 hits, 1 error, 1 left on base; Fort Wayne 1 - Great Lakes 7 |
| TOP OF THE 9TH |
|
Fort Wayne TinCaps batting - Pitching for Great Lakes Loons : LHP Avon Barksdale
|
|
Batting: RHB Jim Miske
|
0-0: Ball 1-0: Ball 2-0: Ball 3-0: Called Strike 3-1: Base on Balls
|
|
Batting: RHB Devon Dill
|
0-0: Ball 1-0: Ball 2-0: Ball 3-0: Base on Balls Jim Miske to second
|
|
Batting: RHB Ben Welt
|
0-0: Ball 1-0: Ball 2-0: Called Strike 2-1: Foul Ball, location: 2F 2-2: Strikes out swinging
|
|
Batting: RHB John Freeman
|
0-0: Ball 1-0: Called Strike 1-1: Called Strike 1-2: Ball 2-2: Strikes out looking
|
|
Batting: RHB Gary Horgan
|
0-0: Ball 1-0: Ball 2-0: Foul Ball, location: 2F 2-1: Foul Ball, location: 2F 2-2: Ball 3-2: Base on Balls Jim Miske to third Devon Dill to second
|
|
Batting: RHB Bill Vives
|
0-0: Called Strike 0-1: Ball 1-1: Swinging Strike 1-2: Foul Ball, location: 2F 1-2: Foul Ball, location: 2F 1-2: Ball 2-2: Ball 3-2: Base on Balls Jim Miske scores Devon Dill to third Gary Horgan to second
|
|
Batting: RHB Paul Wood
|
0-0: Ball 1-0: Foul Ball, location: 2F 1-1: Called Strike 1-2: Strikes out swinging
|
| Top of the 9th over - 1 run, 0 hits, 0 errors, 3 left on base; Fort Wayne 2 - Great Lakes 7 |
|